 Dungeon Crawl Stone Soup version 0.28-a0-465-ge2dae52223 (webtiles) character file.

Game seed: 12158183324173622286

752 olmar the Chopper (level 7, -5/64 HPs)
             Began as a Deep Dwarf Fighter on Sept 14, 2021.
             Was an Initiate of Makhleb.
             Slain by an ogre (17 damage)
             ... on level 5 of the Dungeon.
             The game lasted 00:08:04 (3133 turns).

olmar the Chopper (Deep Dwarf Fighter)              Turns: 3133, Time: 00:08:04

Health: -5/64      AC: 14    Str: 22    XL:     7   Next: 49%
Magic:  6/6        EV:  6    Int:  8    God:    Makhleb [......]
Gold:   161        SH:  5    Dex: 12    Spells: 6/6 levels left

rFire   . . .      SeeInvis .   a - +1 war axe
rCold   . . .      Faith    .   c - +0 buckler
rNeg    . . .      Spirit   .   s - +0 plate armour
rPois   .          Reflect  .   (no helmet)
rElec   .          Harm     .   f - +1 cloak
rCorr   .          Rampage  .   (no gloves)
Will    +....                   (no boots)
Stlth   ..........              (no amulet)
HPRegen 0.00/turn               (no ring)
MPRegen 0.10/turn               (no ring)

@: no status effects
A: damage resistance, heal wounds, sense surroundings 1, no regeneration
a: Heal Wounds, Renounce Religion


You were on level 5 of the Dungeon.
You worshipped Makhleb.
Makhleb was noncommittal.
You visited 1 branch of the dungeon, and saw 5 of its levels.

You collected 161 gold pieces.

Inventory:

Hand Weapons
 a - a +1 war axe (weapon)
 h - a +0 club
Missiles
 i - 2 boomerangs
 p - 21 poisoned darts (quivered)
Armour
 b - a +0 scale mail
 c - a +0 buckler (worn)
 f - a +1 cloak (worn)
 j - a +0 chain mail
 s - a +0 plate armour (worn)
Scrolls
 q - a scroll of identify
Potions
 d - a potion of ambrosia
 e - a potion of flight {unknown}
 g - a potion of berserk rage {unknown}
 k - a potion of curing
 l - a potion of mutation {unknown}
 m - 3 potions of brilliance {unknown}
 t - 2 potions of lignification {unknown}


   Skills:
 + Level 4.1 Fighting
 + Level 6.4 Axes
 + Level 5.9 Armour
 + Level 4.3 Shields


You had 6 spell levels left.
You didn't know any spells.
Your spell library contained the following spells:

 Spells                   Type           Power      Damage    Failure   Level
 Call Canine Familiar     Summ           0%         N/A       100%        3
 Gell's Gravitas          Tloc           0%         N/A       100%        3
 Lesser Beckoning         Tloc           0%         N/A       100%        3
 Portal Projectile        Hex/Tloc       0%         N/A       100%        3
 Teleport Other           Tloc           0%         N/A       100%        3
 Leda's Liquefaction      Hex/Erth       0%         N/A       100%        4


Dungeon Overview and Level Annotations

Branches:
Dungeon (5/15)
 Temple: D:4-7

Altars:
Kikubaaqudgha
Makhleb
Nemelex Xobeh
Trog


Innate Abilities, Weirdness & Mutations

You are resistant to damage.
You can heal yourself by infusing magical energy.
You passively map a small area around you.
You do not regenerate.


Message History

You see here a +0 giant club.
l - a fuming grey potion
p - 21 poisoned darts (gained 1)
You hear the slow hiss of a very distant avalanche of sand.
An ogre comes into view. It is wielding a +0 giant club.
Found 32 gold pieces.
The ogre shouts!
The ogre moves out of view.
Okay, then.
Your magical essence is drained by the effort!
You feel much better. The ogre hits you with a +0 giant club.
You closely miss the ogre. The ogre hits you with a +0 giant club!
You hit the ogre.
The ogre is lightly wounded.
The ogre hits you with a +0 giant club!
You hit the ogre but do no damage.
The ogre is lightly wounded.
The ogre hits you with a +0 giant club.
You slash the ogre!
The ogre is moderately wounded.
The ogre hits you with a +0 giant club.
You hit the ogre.
The ogre is heavily wounded.
You block the ogre's attack.
You barely miss the ogre.
The ogre is heavily wounded.
You hit the ogre.
The ogre is severely wounded.
You block the ogre's attack.
Your plate armour prevents you from hitting the ogre.
The ogre is severely wounded.
The ogre hits you with a +0 giant club.
You closely miss the ogre.
The ogre is severely wounded.
The ogre hits you with a +0 giant club!!
* * * LOW HITPOINT WARNING * * *
You slash the ogre!
The ogre is almost dead.
The ogre hits you with a +0 giant club!!
You die...

*,* *,,**********,* * *
******,####.,,,,,,,,,,,,******
****,,<,,,*....#,***####**,,,,,**
+,,,,,,,,,,,$...,,,.....,<,,,,,,*
****,**,,,*,#...,##.....*,,*,,,,,
* *,**,,,*,#...,.....,,,,,,,*,,,
* **,**,,,*,#...*.#.#**,,,,,,*,*,
***,,,+,,,+,#.$.#...##*,,,**,*,*,
+,,*,,*,,,**#...@O...#*,,,**,*,*,
**,*,,*,,,**####.#..##*,,,,,,,,*,
**,*,,*,,,,,** #.#*.#***,,**,*,,,
**,*,,*,,,*,,* #.#*,.# *,,,,,,,,,
**,*,,****,,,* #.#**,#**,,****,**
**,********,,* #.# *,,**,,,,,,,,*
****≈,≈≈≈≈+,** #.# **,**,,,***,,,
* #####****,* #.# *,,*,,,* *,,, *
#....***,,* #.####*,**,****,,,


You could see an ogre.

Vanquished Creatures
  Grinder (D:3)
  A black bear (D:4)
  An ogre (D:5)
  A scorpion (D:4)
  4 killer bees (D:4)
  A hound (D:4)
  A hound skeleton (D:4)
  3 adders
  An ufetubus (D:3)
  A worm (D:3)
  3 dart slugs
  7 orcs
  9 endoplasms
  A giant cockroach (D:4)
  10 hobgoblins
  4 jackals
  4 kobolds
  2 quokkas
  6 ball pythons
  2 bats
  2 frilled lizards
  2 goblins
  5 rats
72 creatures vanquished.

Notes
Turn   | Place    | Note
-------+----------+-------------------------------------------
     0 | D:1      | olmar the Deep Dwarf Fighter began the quest for the Orb.
     0 | D:1      | Reached XP level 1. HP: 20/20 MP: 1/1
    74 | D:1      | Reached XP level 2. HP: 25/27 MP: 2/2
   499 | D:1      | Reached XP level 3. HP: 25/34 MP: 3/3
   562 | D:1      | Found a faded altar of an unknown god.
   952 | D:2      | Reached skill level 3 in Axes
  1051 | D:2      | Found an ancient bone altar of Kikubaaqudgha.
  1264 | D:3      | Noticed Grinder
  1593 | D:3      | Killed Grinder
  1594 | D:3      | Reached skill level 5 in Axes
  1594 | D:3      | Reached XP level 4. HP: 34/42 MP: 4/4
  1594 | D:3      | Reached XP level 5. HP: 40/49 MP: 5/5
  1857 | D:3      | Reached XP level 6. HP: 43/56 MP: 6/6
  1899 | D:3      | Found a sparkling altar of Nemelex Xobeh.
  2182 | D:4      | Reached skill level 5 in Armour
  2357 | D:4      | Reached XP level 7. HP: 33/63 MP: 7/7
  2380 | D:4      | Found a bloodstained altar of Trog.
  2390 | D:4      | Reached skill level 6 in Axes
  2620 | D:4      | Found a burning altar of Makhleb.
  2857 | D:4      | Became a worshipper of Makhleb the Destroyer
  3005 | D:5      | Entered Level 5 of the Dungeon
  3133 | D:5      | Slain by an ogre

Illustrated notes

Levels and vault maps discovered:
D:1:      minmay_arrival_plants_in_alcoves, layout_loops_cross,
          dreamdust_ecumenical_altar_sealed_demon, minmay_splitting_lines,
          minmay_domino_2
D:2:      layout_basic, basic_altar, hangedman_abyss_or_decor_lesser_grid
D:3:      layout_basic, nemelex_diamond_rough_becter, minmay_misc_feat_cross,
          uniq_grinder
D:4:      layout_basic, mainiacjoe_overflow_alcove_1,
          mainiacjoe_overflow_concentric_impassable
D:5:      layout_basic, ebering_ghost_sewer_d, enter_ossuary_5

Skill      XL: |  1  2  3  4  5  6  7 |
---------------+----------------------+-----
Fighting       | 3 4 |  4.1
Armour         | 4 5 |  5.9
Axes           | 5 6 |  6.4
Shields        | 4 |  4.3

Action                   |  1- 3 |  4- 6 |  7- 9 || total
-------------------------+-------+-------+-------++-------
Melee: War axe           |   115 |    64 |    27 ||   206
Throw: Boomerang         |    18 |    20 |    17 ||    55
       Dart              |       |     4 |     6 ||    10
 Abil: Heal Wounds       |     1 |       |     2 ||     3
  Use: Potion            |     2 |     2 |       ||     4
       Scroll            |     1 |     1 |     4 ||     6
 Stab: Invisible         |     4 |       |       ||     4
Armor: Scale mail        |    28 |       |       ||    28
       Chain mail        |    29 |    57 |     9 ||    95
       Plate armour      |       |       |     2 ||     2
Dodge: Dodged            |    37 |    45 |     9 ||    91
Block: Buckler           |    19 |    13 |     6 ||    38

Table legend: (Time is in decaauts)
 A = Elapsed time spent in this place.
 B = Non-inter-level travel time spent in this place.
 C = Inter-level travel time spent in this place.
 D = Time resting spent in this place.
 E = Time spent auto-exploring this place.
 F = Levels seen in this place.
 G = Mean time per level.
                   A        B        C        D        E       F      G
               +--------+--------+--------+--------+--------+-----+--------+
         Total |   3213 |   2983 |    230 |    331 |   2016 |   5 |  642.6 |
       Dungeon |   3213 |   2983 |    230 |    331 |   2016 |   5 |  642.6 |
               +--------+--------+--------+--------+--------+-----+--------+

Top non-repeatable levels by time:
     D:4: 883 daAuts
     D:3: 861 daAuts
     D:2: 688 daAuts
     D:1: 650 daAuts
     D:5: 129 daAuts
